 Dungeon Crawl Stone Soup version 0.20-a0-2-g2b0e13a (webtiles) character file.

9233 varam the Grappler (level 11, 0/108 (109) HPs)
             Began as a Troll Monk on Oct 29, 2016.
             Was the Champion of Cheibriados.
             Killed by Ozocubu's Refrigeration
             ... invoked by Fannar
              (15 damage)
             ... on level 10 of the Dungeon.
             The game lasted 00:34:12 (9670 turns).

varam the Grappler (Troll Monk)                     Turns: 9670, Time: 00:34:13

HP:   0/108 (109)   AC:  6    Str: 37    XL:     11   Next: 20%
MP:   7/10          EV: 20    Int: 21    God:    Cheibriados [******]
Gold: 644           SH:  0    Dex: 29    Spells: 2 memorised, 5 levels left

rFire  . . .     SeeInvis .       - Unarmed
rCold  . . .     Gourm    +     a - +0 robe
rNeg   + . .     Faith    .     (no shield)
rPois  .         Spirit   .     (helmet restricted)
rElec  .         Reflect  .     J - +0 cloak
rCorr  .         Harm     .     (gloves unavailable)
MR     .....                    (boots unavailable)
Stlth  ++++......               (no amulet)
                                B - ring of positive energy
                                n - ring of stealth

@: very slow
A: unfitting armour, claws 3, fast metabolism 3, gourmand, regeneration 1,
shaggy fur 1, tough skin 2
a: Bend Time, Temporal Distortion, Slouch, Step From Time, Renounce Religion


You were on level 10 of the Dungeon.
You worshipped Cheibriados.
Cheibriados was exalted by your worship.
You were very full.

You visited 1 branch of the dungeon, and saw 10 of its levels.

You collected 734 gold pieces.
You spent 90 gold pieces at shops.

Inventory:

Missiles
 m - 142 stones (quivered)
 D - a throwing net
 N - 10 tomahawks
Armour
 a - a +0 robe (worn)
 J - a +0 cloak (worn)
Magical Staves
 I - an uncursed staff of earth
Jewellery
 n - a ring of stealth (left claw)
 w - an uncursed ring of resist corrosion
 B - a ring of positive energy (right claw)
 G - an uncursed ring of fire
 M - a +3 ring of protection {unknown}
Wands
 p - a wand of flame (5/48)
 E - a wand of polymorph (1/24)
Scrolls
 g - 2 scrolls of enchant armour
 i - 3 scrolls of amnesia
 k - 3 scrolls of random uselessness
 l - a scroll of recharging {unknown}
 q - a scroll of noise {unknown}
 s - 3 scrolls of magic mapping
 t - 6 scrolls of identify
 v - 3 scrolls of remove curse
 y - a scroll of enchant weapon {unknown}
 L - a scroll of teleportation {unknown}
Potions
 d - 4 potions of resistance
 e - 3 potions of mutation {unknown}
 j - a potion of ambrosia {unknown}
 o - 2 potions of heal wounds {unknown}
 r - 3 potions of curing
 u - a potion of haste {unknown}
 x - 3 potions of agility {unknown}
 z - a potion of flight {unknown}
 C - a potion of berserk rage {unknown}
 F - a potion of might {unknown}
Books
 H - a book of Changes

   Spells                             Type                      Level
   a - Beastly Appendage              Transmutation                1
   b - Sticks to Snakes               Transmutation                2
   c - Spider Form                    Transmutation/Poison         3
   d - Ice Form                       Ice/Transmutation            4
   e - Blade Hands                    Transmutation                5
Comestibles
 b - 10 bread rations
 c - 7 beef jerkies
 f - 2 meat rations
 h - 16 fruits
 A - 12 royal jellies


   Skills:
 - Level 7.3 Fighting
 + Level 0.0 Throwing
 - Level 9.5 Dodging
 - Level 1.0 Stealth
 - Level 11.2 Unarmed Combat
 - Level 1.0 Transmutations


You had 5 spell levels left.
You knew the following spells:

 Your Spells              Type           Power        Failure   Level  Hunger
a - Ice Form              Ice/Tmut       #.......     97%         4    #####..
b - Beastly Appendage     Tmut           #.....       12%         1    ##.....


Dungeon Overview and Level Annotations

Branches:
Dungeon (10/15)            Temple (0/1) D:5            Lair (0/6) D:9
    Orc: D:9-12

Altars:
Cheibriados
Elyvilon
Gozag
Nemelex Xobeh
Okawaru
Sif Muna
Uskayaw
Xom
Zin
Beogh

Annotations:
D:5 1 exclusion
D:6 2 exclusions
D:10 Fannar


Innate Abilities, Weirdness & Mutations

You are too large for most types of armour.
You have claws for hands.
Your metabolism is lightning-fast.
You like to eat raw meat.
Your natural rate of healing is unusually fast.
You are covered in fur. (AC +1)
You have very tough skin. (AC +2)


Message History

Fannar points at you and mumbles some strange words.
The bolt of cold hits you!
You closely miss Fannar. You barely miss Fannar.
Fannar hits you with a staff of cold. Fannar freezes you!
You claw Fannar!
Fannar is lightly wounded.
Fannar hits you with a staff of cold. Fannar freezes you!
The flow of time bends around you.
Fannar resists with some effort.
You feel slightly less full.
Fannar says, "You will make a fine ice sculpture."
Fannar points at you and mumbles some strange words.
The bolt of cold hits you!
* * * LOW HITPOINT WARNING * * *
You claw Fannar!
Fannar is moderately wounded.
Fannar casts a spell.
Fannar drains the heat from the surrounding environment!
You feel very cold.
You die...

.....#
#######..#.#
.....# #..#.#
.....# #..#.#
#+####
#######..#.####
...............
.######†.######
#..# #..# #.@#
#.e# ....#
#.##.# #. #.# #
#.# ... ###


You could see Fannar.

Vanquished Creatures
  Pikel (D:6)
  Joseph (D:7)
  2 komodo dragons (D:9)
  Grinder (D:6)
  2 hornets
  Prince Ribbit (D:5)
  4 hippogriffs
  The ghost of p0werm0de the Caller, an amateur OpSu of Xom (D:4)
  Sigmund (D:3)
  Grum (D:9)
  Eustachio (D:6)
  A steam dragon (D:9)
  A hungry ghost (D:8)
  A soldier ant (D:9)
  Edmund (D:6)
  5 orc warriors
  3 ice beasts
  2 phantoms
  A necrophage (D:8)
  2 wolves (D:9)
  6 ogres
  2 crocodiles (D:9)
  3 centaurs (D:8)
  6 bullfrogs
  A wyvern skeleton (D:9)
  5 scorpions
  9 killer bees
  4 howler monkeys
  2 crimson imps
  2 quasits
  6 hounds
  2 jellies
  3 gnoll shamans (D:5)
  5 orc priests
  A centaur skeleton (D:9)
  6 iguanas
  7 orc wizards
  9 worker ants
  A hound zombie (D:6)
  2 hound skeletons
  A worker ant zombie (D:5)
  55 gnolls
  A howler monkey skeleton (D:7)
  14 adders
  A shadow imp (D:9)
  3 oozes
  An adder skeleton (D:10)
  6 worms
  3 dart slugs
  5 leopard geckos
  47 orcs
  A ball python (D:5)
  6 giant cockroaches
  9 hobgoblins
  24 jackals
  8 kobolds
  2 quokkas
  12 bats
  6 frilled lizards
  11 goblins
  A quokka skeleton (D:4)
  12 rats
344 creatures vanquished.

Vanquished Creatures (others)
  A quokka (D:5)
1 creature vanquished.

Grand Total: 345 creatures vanquished

Notes
Turn   | Place    | Note
-------+----------+-------------------------------------------
     0 | D:1      | varam the Troll Monk began the quest for the Orb.
     0 | D:1      | Reached XP level 1. HP: 22/22 MP: 0/0
   226 | D:1      | Reached XP level 2. HP: 27/29 MP: 1/1
   772 | D:1      | Reached skill level 4 in Unarmed Combat
   823 | D:1      | Reached XP level 3. HP: 34/36 MP: 2/2
  1185 | D:2      | Found a snail-covered altar of Cheibriados.
  1188 | D:2      | Became a worshipper of Cheibriados the Contemplative
  1188 | D:2      | Reached * piety under Cheibriados
  1188 | D:2      | Reached ** piety under Cheibriados
  1357 | D:2      | Reached XP level 4. HP: 41/44 MP: 3/3
  1552 | D:2      | Reached skill level 5 in Unarmed Combat
  1989 | D:3      | Found an opulent altar of Gozag.
  2039 | D:3      | Reached *** piety under Cheibriados
  2081 | D:3      | Reached skill level 3 in Dodging
  2093 | D:3      | Reached XP level 5. HP: 33/50 MP: 0/4
  2171 | D:3      | Found a sparkling altar of Nemelex Xobeh.
  2192 | D:3      | Noticed Sigmund
  2203 | D:3      | Killed Sigmund
  2203 | D:3      | Reached skill level 6 in Unarmed Combat
  2203 | D:3      | Reached XP level 6. HP: 48/59 MP: 5/5
  2416 | D:3      | Reached skill level 4 in Dodging
  2597 | D:3      | Reached **** piety under Cheibriados
  3094 | D:4      | Noticed p0werm0de's ghost (amateur OpSu)
  3102 | D:4      | Killed p0werm0de's ghost
  3102 | D:4      | Reached XP level 7. HP: 64/66 MP: 6/6
  3134 | D:4      | Reached skill level 7 in Unarmed Combat
  3190 | D:4      | Found a shimmering altar of Xom.
  3292 | D:4      | Found a shimmering altar of Xom.
  3294 | D:4      | Found a shimmering altar of Xom.
  3297 | D:4      | Found a shimmering altar of Xom.
  3297 | D:4      | Found a shimmering altar of Xom.
  3670 | D:5      | Entered Level 5 of the Dungeon
  3701 | D:5      | Reached ***** piety under Cheibriados
  3752 | D:5      | Reached skill level 5 in Dodging
  3908 | D:5      | Reached skill level 8 in Unarmed Combat
  3908 | D:5      | Reached XP level 8. HP: 74/74 MP: 7/7
  3942 | D:5      | Found a staircase to the Ecumenical Temple.
  3975 | D:5      | Noticed Prince Ribbit
  4070 | D:5      | Found a white marble altar of Elyvilon.
  4411 | D:5      | Killed Prince Ribbit
  4411 | D:5      | Reached skill level 9 in Unarmed Combat
  4668 | D:5      | Reached skill level 6 in Dodging
  4772 | D:5      | Reached ****** piety under Cheibriados
  5121 | D:6      | Reached XP level 9. HP: 76/80 MP: 8/8
  5179 | D:6      | Reached skill level 3 in Fighting
  5499 | D:6      | Noticed Eustachio
  5506 | D:6      | Killed Eustachio
  5514 | D:6      | Noticed Edmund
  5517 | D:6      | Reached skill level 7 in Dodging
  5528 | D:6      | Killed Edmund
  5528 | D:6      | Reached skill level 4 in Fighting
  5598 | D:6      | Found a deep blue altar of Sif Muna.
  5708 | D:6      | Noticed Pikel
  5727 | D:6      | Killed Pikel
  5932 | D:6      | Noticed Grinder
  5943 | D:6      | Killed Grinder
  5943 | D:6      | Reached skill level 5 in Fighting
  6107 | D:6      | Reached skill level 8 in Dodging
  6363 | D:7      | Noticed Joseph
  6371 | D:7      | Killed Joseph
  6397 | D:7      | You fall through a shaft for 2 floors!
  6444 | D:8      | Reached XP level 10. HP: 95/97 MP: 9/9
  6501 | D:7      | Found a glowing silver altar of Zin.
  6502 | D:7      | Found Zin's Purification Station.
  6564 | D:7      | Bought a potion of curing for 90 gold pieces
  6612 | D:7      | Reached skill level 6 in Fighting
  6846 | D:7      | Found a faded altar of an unknown god.
  6846 | D:7      | Found a hide-covered altar of Uskayaw.
  6851 | D:7      | Found a faded altar of an unknown god.
  6853 | D:7      | Found an iron altar of Okawaru.
  6854 | D:7      | Found a faded altar of an unknown god.
  7094 | D:7      | Reached skill level 9 in Dodging
  7484 | D:8      | Reached skill level 10 in Unarmed Combat
  7799 | D:8      | HP: 9/100 [ice beast (7)]
  8247 | D:8      | Reached skill level 7 in Fighting
  8745 | D:9      | Noticed Grum
  8795 | D:9      | Killed Grum
  8994 | D:9      | Reached XP level 11. HP: 104/108 MP: 10/10
  9007 | D:9      | Reached skill level 11 in Unarmed Combat
  9109 | D:9      | Found a staircase to the Lair.
  9387 | D:9      | Learned a level 4 spell: Ice Form
  9396 | D:10     | Entered Level 10 of the Dungeon
  9400 | D:10     | Found a roughly hewn altar of Beogh.
  9474 | D:10     | Reached skill level 1 in Transmutations
  9484 | D:10     | Learned a level 1 spell: Beastly Appendage
  9662 | D:10     | Noticed Fannar
  9670 | D:10     | Killed from afar by Fannar

Vault maps used:
D:1:      dpeg_arrival_stone_temple_mockup
D:2:      minmay_diamond_boxcup, nicolae_overflow_crystal_walls, serial_forest,
          infiniplex_forest_clump_small, infiniplex_forest_lined_corner,
          infiniplex_forest_clump_small, infiniplex_forest_end_1,
          infiniplex_forest_join, infiniplex_forest_corner_1
D:3:      overflow_temple_1_default, nemelex_altar_shiori,
          minmay_misc_feat_pillars, minmay_misc_feat_chi, uniq_sigmund
D:4:      xom_redecorated, first_bread
D:5:      lemuel_castle_with_subvaults, elyvilon_altar_4, uniq_prince_ribbit1
D:6:      led_sif_book, uniq_grinder, uniq_pikel, uniq_eustachio, uniq_edmund
D:7:      zin_purify, chequers_temple_overflow_minitemple, dk_vineyard_2,
          grunt_decor_cap, uniq_joseph
D:8:      nicolae_whirlpool
D:9:      erik_lair_dragon, hangedman_pestilent_swarm, uniq_grum
D:10:     special_room, small_chamber_with_monster, minmay_statue_bubble,
          uniq_fannar

Skill      XL: |  1  2  3  4  5  6  7  8  9 10 11 |
---------------+----------------------------------+-----
Unarmed Combat | 4 5 6 8 9 10 11 | 11.2
Dodging        | 3 4 5 6 8 9 |  9.5
Fighting       | 5 7 |  7.3
Transmutations | 1 |  1.0
Stealth        | |  1.0

Action                   |  1- 3 |  4- 6 |  7- 9 | 10-12 || total
-------------------------+-------+-------+-------+-------++-------
Melee: Unarmed           |   102 |   167 |   315 |   294 ||   878
       Punch             |       |     1 |    18 |    22 ||    41
Throw: Stone             |       |     3 |     3 |     3 ||     9
 Cast: Beastly Appendage |       |       |       |     1 ||     1
Invok: Bend Time         |       |     1 |     5 |     3 ||     9
Evoke: Wand              |       |       |       |     5 ||     5
  Use: Scroll            |       |     4 |     2 |       ||     6
 Stab: Sleeping          |     3 |     5 |     9 |     6 ||    23
       Distracted        |       |       |       |     2 ||     2
  Eat: Chunk             |    17 |    11 |    22 |    30 ||    80
Armor: Robe              |    36 |    51 |    59 |    37 ||   183
Dodge: Dodged            |    67 |    93 |   247 |   304 ||   711
